[Event "42nd Olympiad Baku 2016 Women"]
[Site "Baku"]
[Date "2016.09.06"]
[Round "5.26"]
[White "Balajayeva, Khanim"]
[Black "Tokhirjonova, Gulrukhbegim"]
[Result "0-1"]
[ECO "C91"]
[WhiteElo "2147"]
[BlackElo "2289"]
[Annotator ""]
[PlyCount "140"]
[EventDate "2016.??.??"]
[EventType "team-tourn"]
[EventCountry "AZE"]
[SourceTitle "playchess.com"]
[Source "ChessBase"]
[WhiteTeam "Azerbaijan"]
[BlackTeam "Uzbekistan"]
[WhiteTeamCountry "AZE"]
[BlackTeamCountry "UZB"]
[TimeControl "40/5400+30:1800+30"]

1. e4 {(00:00)} e5 {(00:00)} 2. Nf3 {(00:00)} Nc6 {
(00:00)} 3. Bb5 {(00:00)} a6 {(00:02)} 4. Ba4 {(00:
00)} Nf6 {(00:18)} 5. O-O {(00:00)} Be7 {(00:19)} 6. Re1 {
(00:00)} b5 {(00:33)} 7. Bb3 {(00:02)} d6 {(00:34)}
8. c3 {(01:33)} O-O {(00:26)} 9. d4 {(00:26)} Bg4 {
(01:01)} 10. Be3 {(00:06)} Na5 {(18:14)} 11. dxe5 {
(09:37)} Nxb3 {(04:48)} 12. exf6 {(13:38)} Nxa1 {(
00:19)} 13. fxe7 {(00:02)} Qxe7 {(00:12)} 14. Nbd2 {(00:
30)} Bxf3 {(00:54)} 15. Nxf3 {(00:55)} Qxe4 {(01:38)} 16.
Qxa1 {(00:36)} Rfe8 {(04:15)} 17. Qb1 {(06:19)} Qxb1 {
(09:51)} 18. Rxb1 {(00:03)} f6 {(00:49)} 19. Kf1 {(
02:55)} Kf7 {(03:13)} 20. Nd4 {(07:03)} g6 {(03:52)} 21.
b4 {(16:13)} Ke7 {(02:53)} 22. Nb3 {(03:33)} Kd7 {(
01:33)} 23. Rd1 {(00:30)} h5 {(08:48)} 24. h4 {(08:25)}
Rg8 {(02:04)} 25. a3 {(02:11)} Ke6 {(04:50)} 26. Nd4+ {
(01:12)} Ke7 {(02:54)} 27. g3 {(04:20)} Rac8 {(02:
32)} 28. Ne2 {(02:54)} Kf7 {(09:20)} 29. Rd5 {(01:41)}
Rge8 {(00:20)} 30. Nf4 {(03:47)} Re4 {(00:19)} 31. Bd2 {
(03:38)} Rd8 {(03:04)} 32. f3 {(01:36)} Re5 {(01:
41)} 33. Rd3 {(01:11)} Rh8 {(04:16)} 34. Re3 {(06:50)}
Rxe3 {(05:18)} 35. Bxe3 {(00:03)} Re8 {(00:54)} 36. Bd4 {
(01:29)} c6 {(00:40)} 37. Kf2 {(00:29)} Rc8 {(00:
28)} 38. Nd3 {(02:44)} Ke6 {(00:13)} 39. g4 {(00:21)} hxg4
{(01:42)} 40. fxg4 {(00:00)} g5 {(00:00)} 41. h5 {(
01:43)} a5 {(04:55)} 42. Kf3 {(03:13)} axb4 {(01:20)} 43.
axb4 {(00:13)} Ra8 {(00:29)} 44. Nf2 {(00:36)} f5 {
(05:34)} 45. h6 {(02:36)} c5 {(00:13)} 46. bxc5 {(
00:02)} dxc5 {(00:02)} 47. Bxc5 {(00:09)} Rh8 {(00:07)}
48. gxf5+ {(00:15)} Kxf5 {(00:26)} 49. Ng4 {(00:07)} Kg6 {
(03:54)} 50. Bd4 {(17:23)} Rb8 {(00:35)} 51. Bg7 {(
02:28)} b4 {(02:49)} 52. Ne5+ {(00:27)} Kh7 {(00:06)} 53.
c4 {(03:32)} Rc8 {(02:04)} 54. Kg4 {(01:56)} b3 {(
01:34)} 55. Nd7 {(02:29)} Rc7 {(01:22)} 56. Nf6+ Kg6 {(00:
17)} 57. Nd5 {(02:39)} Rxc4+ {(00:10)} 58. Kf3 {(00:06)}
Rc2 {(00:55)} 59. Ne7+ {(00:06)} Kh7 {(00:10)} 60. Kg4 {
(00:04)} Rd2 {(05:01)} 61. Nf5 {(01:47)} Rg2+ {(01:
18)} 62. Kh5 {(00:06)} Rh2+ {(01:18)} 63. Kg4 {(00:17)}
Rxh6 {(00:15)} 64. Bd4 {(00:30)} Rg6 {(00:27)} 65. Bb2 {
(00:20)} Rg8 {(00:17)} 66. Ng3 {(01:26)} Kg6 {(00:
15)} 67. Ne4 {(00:18)} Rc8 {(00:09)} 68. Nxg5 {(01:16)}
Rc4+ {(00:05)} 69. Kf3 {(00:04)} Kxg5 {(00:06)} 70. Ke3 {
(00:06)} Rc2 {(00:04)} 0-1

[Event "42nd Olympiad Baku 2016 Women"]
[Site "Baku"]
[Date "2016.09.06"]
[Round "5.19"]
[White "Baqer, Fatemah Alzahraa"]
[Black "Ortiz, Katherine Berenice"]
[Result "0-1"]
[ECO "C02"]
[WhiteElo "1204"]
[BlackElo "1857"]
[Annotator ""]
[PlyCount "70"]
[EventDate "2016.??.??"]
[EventType "team-tourn"]
[EventCountry "AZE"]
[SourceTitle "playchess.com"]
[Source "ChessBase"]
[WhiteTeam "Kuwait"]
[BlackTeam "Honduras"]
[WhiteTeamCountry "KUW"]
[BlackTeamCountry "HON"]
[TimeControl "40/5400+30:1800+30"]

1. e4 {(00:00)} e6 {(00:00)} 2. d4 {(00:00)} d5 {(
00:20)} 3. e5 {(01:03)} c5 {(00:13)} 4. Nf3 {(02:23)} Nc6
{(00:31)} 5. Bb5 {(01:24)} Qa5+ {(02:21)} 6. Nc3 {(
01:14)} Bd7 {(00:13)} 7. Bxc6 {(02:07)} Bxc6 {(00:19)} 8.
O-O {(01:43)} Ne7 {(01:41)} 9. Bg5 {(05:07)} Nf5 {(
00:54)} 10. Qd2 {(04:55)} h6 {(05:11)} 11. Bf4 {(03:55)}
g5 {(02:50)} 12. Be3 {(00:54)} Qb6 {(03:51)} 13. Rad1 {
(07:46)} Rc8 {(01:23)} 14. Rfe1 {(05:22)} c4 {(00:
27)} 15. a3 {(03:01)} g4 {(03:36)} 16. Ne2 {(15:04)} gxf3
{(00:21)} 17. gxf3 {(00:41)} Nh4 {(00:31)} 18. Qc3 {
(09:02)} Nxf3+ {(00:28)} 19. Kg2 {(01:08)} Nxe1+ {(
00:19)} 20. Rxe1 {(00:16)} Rg8+ {(00:31)} 21. Kf1 {(00:16]
} Qd8 {(00:15)} 22. Nf4 {(01:40)} Qh4 {(00:26)} 23. Ke2 {
(01:00)} Rg4 {(00:20)} 24. f3 {(02:55)} Qxh2+ {(00:
14)} 25. Kd1 {(01:44)} Rxf4 {(00:14)} 26. Bxf4 {(00:13)}
Qxf4 {(00:07)} 27. b3 {(03:15)} cxb3 {(00:34)} 28. cxb3 {
(00:12)} Bd7 {(00:07)} 29. Qd3 {(00:40)} Bxa3 {(00:
58)} 30. Ke2 {(02:35)} a6 {(00:22)} 31. b4 {(01:33)} Bb5 {
(00:09)} 32. Rd1 {(02:58)} Bxd3+ {(00:39)} 33. Rxd3 {
(00:24)} Rc2+ {(00:10)} 34. Kf1 {(00:59)} Qc1+ {(
00:09)} 35. Rd1 {(00:20)} Qxd1# {(00:12)} 0-1

[Event "42nd Olympiad Baku 2016 Women"]
[Site "Baku"]
[Date "2016.09.06"]
[Round "5.7"]
[White "Barbier, Wiebke"]
[Black "Rinne, Heini"]
[Result "1/2-1/2"]
[ECO "B10"]
[WhiteElo "2008"]
[BlackElo "1751"]
[Annotator ""]
[PlyCount "60"]
[EventDate "2016.??.??"]
[EventType "team-tourn"]
[EventCountry "AZE"]
[SourceTitle "playchess.com"]
[Source "ChessBase"]
[WhiteTeam "Belgium"]
[BlackTeam "Finland"]
[WhiteTeamCountry "BEL"]
[BlackTeamCountry "FIN"]
[TimeControl "40/5400+30:1800+30"]

1. e4 {(00:00)} c6 {(00:00)} 2. d3 {(00:00)} d5 {(
00:00)} 3. Nd2 {(00:00)} g6 {(00:00)} 4. Ngf3 {(00:00)}
Bg7 {(00:36)} 5. a4 {(02:16)} e5 {(04:03)} 6. a5 {(
00:41)} Ne7 {(02:35)} 7. Be2 {(00:16)} O-O {(01:49)} 8.
O-O {(00:09)} f5 {(10:00)} 9. c3 {(02:46)} h6 {(11:
23)} 10. b3 {(00:53)} Nd7 {(08:17)} 11. Ba3 {(02:59)} Rf7
{(01:15)} 12. Bd6 {(05:00)} g5 {(06:15)} 13. h3 {(
19:48)} Ng6 {(01:14)} 14. exf5 {(10:50)} Rxf5 {(00:11)}
15. Nh2 {(06:41)} Ndf8 {(11:46)} 16. Ba3 {(04:33)} Nf4 {
(04:50)} 17. Bg4 {(04:01)} Rf7 {(01:41)} 18. Ndf3 {
(01:54)} Bf5 {(05:04)} 19. Bxf5 {(04:50)} Rxf5 {(
00:07)} 20. Re1 {(02:59)} e4 {(10:11)} 21. dxe4 {(06:58)}
dxe4 {(00:08)} 22. Nd4 {(01:33)} Rd5 {(02:53)} 23. b4 {
(06:10)} Bxd4 {(08:06)} 24. cxd4 {(00:24)} Rxd4 {(
00:11)} 25. Qb3+ {(00:25)} Qd5 {(00:10)} 26. Qxd5+ {(00:
44)} cxd5 {(00:30)} 27. Ng4 {(00:55)} Kh7 {(03:03)} 28.
Rad1 {(02:34)} Rxd1 {(00:41)} 29. Rxd1 {(00:08)} Rd8 {
(03:07)} 30. Nf6+ {(00:36)} Kg6 {(00:11)} 1/2-1/2

[Event "42nd Olympiad Baku 2016 Women"]
[Site "Baku"]
[Date "2016.09.06"]
[Round "5.31"]
[White "Bashaer, Khalil"]
[Black "Tuzi, Bruna"]
[Result "0-1"]
[ECO "B22"]
[WhiteElo "1584"]
[BlackElo "1807"]
[Annotator ""]
[PlyCount "78"]
[EventDate "2016.??.??"]
[EventType "team-tourn"]
[EventCountry "AZE"]
[SourceTitle "playchess.com"]
[Source "ChessBase"]
[WhiteTeam "United Arab Emirates"]
[BlackTeam "Albania"]
[WhiteTeamCountry "UAE"]
[BlackTeamCountry "ALB"]
[TimeControl "40/5400+30:1800+30"]

1. e4 {(00:00)} c5 {(00:00)} 2. c3 {(00:00)} d5 {(
00:00)} 3. exd5 {(00:00)} Qxd5 {(00:00)} 4. d4 {(00:00)}
e6 {(00:06)} 5. Nf3 {(01:04)} Nc6 {(01:36)} 6. Na3 {
(00:18)} Qd8 {(00:20)} 7. Bf4 {(09:28)} Nf6 {(02:
32)} 8. Nc2 {(08:02)} Nd5 {(07:23)} 9. Bg3 {(01:05)} Be7 {
(00:39)} 10. Be2 {(11:42)} O-O {(02:12)} 11. O-O {(
00:07)} b6 {(02:45)} 12. dxc5 {(08:53)} Bxc5 {(01:30)} 13.
Nfd4 {(00:36)} Bb7 {(01:54)} 14. Bf3 {(00:54)} Rc8 {
(05:25)} 15. Nxc6 {(05:48)} Bxc6 {(00:15)} 16. Nd4 {
(00:05)} Ba8 {(01:46)} 17. Qa4 {(05:50)} Qf6 {(07:
02)} 18. Rad1 {(08:12)} Rfd8 {(17:45)} 19. Nb3 {(21:00)}
Qe7 {(06:58)} 20. Nxc5 {(02:10)} Rxc5 {(00:35)} 21. Rfe1 {
(03:02)} Bc6 {(08:28)} 22. Qb3 {(03:47)} Qe8 {(03:
05)} 23. Rd4 {(04:40)} Nf6 {(04:55)} 24. Bxc6 {(02:17)}
Rxc6 {(00:08)} 25. Rxd8 {(01:32)} Qxd8 {(00:03)} 26. Rd1 {
(00:21)} Qa8 {(03:20)} 27. Qa4 {(01:15)} h6 {(00:
09)} 28. Qd4 {(00:43)} Rc5 {(03:17)} 29. Qf4 {(00:55)} Rd5
{(01:13)} 30. Rd4 {(00:37)} e5 {(01:14)} 31. Qf3 {(
00:31)} exd4 {(00:07)} 32. cxd4 {(00:19)} Qe8 {(00:20)}
33. h3 {(00:38)} Qe4 {(00:08)} 34. Qc3 {(00:18)} Qxd4 {
(01:04)} 35. Qc8+ {(00:25)} Rd8 {(00:13)} 36. Qc7 {
(00:41)} Nh5 {(03:26)} 37. Be5 {(00:39)} Qd1+ {(00:
10)} 38. Kh2 {(00:13)} f6 {(00:09)} 39. Qc4+ {(00:47)} Qd5
{(00:12)} 0-1

[Event "42nd Olympiad Baku 2016 Women"]
[Site "Baku"]
[Date "2016.09.06"]
[Round "5.16"]
[White "Batsiashvili, Nino"]
[Black "Felix Vega, Aurora Edith"]
[Result "1-0"]
[ECO "D11"]
[WhiteElo "2474"]
[BlackElo "2053"]
[Annotator ""]
[PlyCount "69"]
[EventDate "2016.??.??"]
[EventType "team-tourn"]
[EventCountry "AZE"]
[SourceTitle "playchess.com"]
[Source "ChessBase"]
[WhiteTeam "Georgia"]
[BlackTeam "Peru"]
[WhiteTeamCountry "GEO"]
[BlackTeamCountry "PER"]
[TimeControl "40/5400+30:1800+30"]

1. d4 {(00:00)} d5 {(00:00)} 2. c4 {(00:12)} c6 {(
00:00)} 3. Nf3 {(00:04)} Nf6 {(00:00)} 4. e3 {(00:10)} a6
{(00:00)} 5. b3 {(07:51)} g6 {(00:12)} 6. Bd3 {(01:
14)} Bg7 {(00:06)} 7. O-O {(00:05)} O-O {(00:05)} 8. Bb2 {
(07:17)} Nbd7 {(14:19)} 9. Nbd2 {(05:44)} Re8 {(06:
46)} 10. h3 {(03:34)} a5 {(30:46)} 11. a4 {(04:13)} b6 {
(20:35)} 12. Qe2 {(06:48)} Bb7 {(03:00)} 13. Rad1 {
(00:49)} Qc7 {(00:20)} 14. Rc1 {(07:55)} Rac8 {(01:
19)} 15. Ne5 {(04:51)} e6 {(18:45)} 16. f4 {(03:38)} Qb8 {
(00:45)} 17. g4 {(02:33)} Nf8 {(00:29)} 18. f5 {(
06:14)} exf5 {(00:40)} 19. gxf5 {(00:05)} g5 {(00:43)} 20.
cxd5 {(12:28)} Nxd5 {(00:25)} 21. e4 {(03:01)} Nf4 {
(00:41)} 22. Rxf4 {(00:42)} gxf4 {(00:11)} 23. Qg2 {
(04:35)} Qd6 {(00:44)} 24. Ndc4 {(04:48)} Qd8 {(00:
28)} 25. Kh1 {(01:58)} f6 {(00:36)} 26. Rg1 {(02:39)} Rc7
{(00:04)} 27. Ng4 {(01:21)} Kh8 {(00:33)} 28. Nxb6 {
(01:26)} Nd7 {(00:52)} 29. Nc4 {(00:10)} f3 {(00:
29)} 30. Qxf3 {(00:15)} c5 {(00:34)} 31. d5 {(00:22)} Ba6
{(00:28)} 32. Nd6 {(01:24)} Bxd3 {(00:01)} 33. Nf7+ {
(00:53)} Kg8 {(00:01)} 34. Ngh6+ {(00:14)} Kf8 {(
00:10)} 35. Rxg7 {(00:20)} 1-0

[Event "42nd Olympiad Baku 2016 Women"]
[Site "Baku"]
[Date "2016.09.06"]
[Round "5.25"]
[White "Begum, Ghazala"]
[Black "Sihite, Chelsie Monica Igne"]
[Result "0-1"]
[ECO "A22"]
[WhiteElo "1668"]
[BlackElo "2199"]
[Annotator ""]
[PlyCount "82"]
[EventDate "2016.??.??"]
[EventType "team-tourn"]
[EventCountry "AZE"]
[SourceTitle "playchess.com"]
[Source "ChessBase"]
[WhiteTeam "Pakistan"]
[BlackTeam "Indonesia"]
[WhiteTeamCountry "PAK"]
[BlackTeamCountry "INA"]
[TimeControl "40/5400+30:1800+30"]

1. c4 {(00:00)} Nf6 {(00:00)} 2. Nc3 {(00:04)} e5 {
(01:33)} 3. g3 {(00:10)} d6 {(00:07)} 4. Bg2 {(00:
07)} Be7 {(00:05)} 5. e3 {(00:30)} O-O {(00:15)} 6. Nge2 {
(00:03)} c6 {(00:22)} 7. O-O {(00:05)} a5 {(01:08)}
8. b3 {(01:28)} Re8 {(02:12)} 9. Bb2 {(00:07)} Bf8 {
(00:31)} 10. d4 {(02:04)} Nbd7 {(07:40)} 11. d5 {(
04:23)} cxd5 {(03:13)} 12. cxd5 {(00:08)} Nc5 {(00:27)}
13. e4 {(00:28)} Qb6 {(00:53)} 14. Bc1 {(02:56)} Bd7 {
(00:52)} 15. Be3 {(01:24)} Rec8 {(01:37)} 16. Rb1 {
(03:09)} Ng4 {(04:53)} 17. Bc1 {(06:49)} f5 {(02:
49)} 18. h3 {(04:37)} Nf6 {(00:02)} 19. Be3 {(05:57)} Qa6
{(02:06)} 20. Bxc5 {(00:46)} Rxc5 {(00:11)} 21. Kh2 {
(03:54)} Rac8 {(01:41)} 22. Rc1 {(03:59)} b5 {(00:
17)} 23. Qd3 {(01:09)} g6 {(01:21)} 24. a4 {(02:29)} Qb7 {
(01:49)} 25. axb5 {(02:24)} fxe4 {(00:14)} 26. Nxe4 {
(00:51)} Nxe4 {(00:14)} 27. Bxe4 {(02:02)} Bxb5 {(
00:52)} 28. Qd2 {(01:57)} Bxe2 {(01:20)} 29. Rxc5 {(00:31]
} Bxf1 {(00:16)} 30. Rxc8 {(00:38)} Qxc8 {(00:06)} 31. g4
{(01:16)} Qd8 {(00:48)} 32. Qe1 {(00:26)} Bb5 {(00:
19)} 33. f3 {(00:26)} Bh6 {(00:08)} 34. h4 {(01:23)} Bf4+
{(00:03)} 35. Kh3 {(00:06)} Qc7 {(00:06)} 36. Qb1 {
(01:37)} Kg7 {(00:23)} 37. Bd3 {(00:53)} Be8 {(01:
56)} 38. b4 {(01:07)} Qb6 {(00:54)} 39. bxa5 {(00:39)} Qf2
{(00:13)} 40. Qb7+ {(00:00)} Bf7 {(00:00)} 41. Qb1 {
(05:34)} Qxf3# {(00:48)} 0-1

[Event "42nd Olympiad Baku 2016 Women"]
[Site "Baku"]
[Date "2016.09.06"]
[Round "5.14"]
[White "Bejatovic, Bojana"]
[Black "Adhin, Anviti"]
[Result "1/2-1/2"]
[ECO "A46"]
[WhiteElo "2063"]
[BlackElo "1616"]
[Annotator ""]
[PlyCount "123"]
[EventDate "2016.??.??"]
[EventType "team-tourn"]
[EventCountry "AZE"]
[SourceTitle "playchess.com"]
[Source "ChessBase"]
[WhiteTeam "Macedonia"]
[BlackTeam "Surinam"]
[WhiteTeamCountry "MKD"]
[BlackTeamCountry "SUR"]
[TimeControl "40/5400+30:1800+30"]

1. d4 {(00:00)} Nf6 {(00:00)} 2. Nf3 {(00:00)} e6 {
(00:00)} 3. Bg5 {(00:00)} c5 {(00:05)} 4. e3 {(00:
00)} h6 {(00:21)} 5. Bh4 {(00:37)} Be7 {(00:05)} 6. Nbd2 {
(01:49)} O-O {(00:45)} 7. Bd3 {(00:31)} b6 {(01:34]
} 8. O-O {(00:43)} Bb7 {(00:11)} 9. c3 {(00:30)} d6 {
(01:42)} 10. h3 {(04:15)} Nbd7 {(00:27)} 11. Re1 {(
07:07)} Nh5 {(04:31)} 12. Bxe7 {(02:13)} Qxe7 {(00:03)}
13. a4 {(02:08)} a6 {(08:39)} 14. Nc4 {(05:38)} d5 {
(03:24)} 15. Nce5 {(01:50)} Nhf6 {(01:45)} 16. Nxd7 {
(06:46)} Nxd7 {(03:12)} 17. e4 {(01:49)} dxe4 {(14:
05)} 18. Bxe4 {(00:17)} Bxe4 {(00:31)} 19. Rxe4 {(00:02)}
Nf6 {(01:09)} 20. Re5 {(04:25)} cxd4 {(06:16)} 21. Qxd4 {
(06:46)} Qc7 {(01:48)} 22. Rae1 {(02:58)} Rfd8 {(
01:18)} 23. Qe3 {(03:27)} Rd5 {(04:00)} 24. Rxd5 {(10:03)}
Nxd5 {(00:06)} 25. Qe4 {(00:32)} Rd8 {(01:49)} 26. Rd1 {
(08:18)} Nf6 {(20:12)} 27. Rxd8+ {(00:42)} Qxd8 {(
00:03)} 28. Qc6 {(00:55)} a5 {(07:02)} 29. b4 {(08:06)}
Nd5 {(07:33)} 30. b5 {(03:48)} Nf6 {(06:51)} 31. Nd4 {
(04:04)} Nd5 {(01:55)} 32. Nf3 {(06:27)} Nf6 {(00:
27)} 33. Kh2 {(00:50)} Qb8+ {(01:14)} 34. g3 {(00:28)} Qd8
{(00:42)} 35. Nd4 {(05:00)} Nd5 {(01:10)} 36. Nb3 {
(02:08)} Qf6 {(01:22)} 37. Kg2 {(00:42)} Qxc3 {(00:
55)} 38. Qxc3 {(00:48)} Nxc3 {(00:02)} 39. Nxa5 {(00:14)}
Nxa4 {(00:47)} 40. Nc4 {(00:00)} Kf8 {(00:00)} 41. Kf3 {
(00:52)} Nc3 {(07:25)} 42. Nxb6 {(00:34)} Nxb5 {(
00:01)} 43. Ke4 {(00:16)} f6 {(00:36)} 44. Nc4 {(01:09)}
Ke7 {(00:22)} 45. Kf4 {(01:24)} Nc3 {(02:49)} 46. h4 {
(00:56)} g6 {(01:19)} 47. Kf3 {(01:49)} e5 {(01:20]
} 48. Ne3 {(02:18)} f5 {(00:48)} 49. h5 {(01:29)} Kf6 {
(00:41)} 50. hxg6 {(00:19)} Kxg6 {(00:07)} 51. Nc4 {
(05:38)} Kf6 {(01:17)} 52. Nd6 {(01:18)} Nd5 {(01:
24)} 53. Nc4 {(03:30)} e4+ {(01:25)} 54. Kg2 {(00:48)} Kg5
{(00:29)} 55. Nd6 {(00:52)} Nc3 {(01:40)} 56. Nf7+ {
(01:03)} Kg6 {(00:11)} 57. Nd6 {(00:26)} h5 {(01:
00)} 58. Nc4 {(00:32)} Kg5 {(00:41)} 59. Ne5 {(00:35)} Nd5
{(01:16)} 60. Nf7+ {(01:16)} Kf6 {(01:28)} 61. Nd6 {
(00:27)} Ke5 {(02:05)} 62. Nc4+ {(01:02)} 1/2-1/2

[Event "42nd Olympiad Baku 2016 Women"]
[Site "Baku"]
[Date "2016.09.06"]
[Round "5.7"]
[White "Ben Said, Safa"]
[Black "Kabengano, Joyce"]
[Result "0-1"]
[ECO "B23"]
[WhiteElo "1563"]
[BlackElo "1559"]
[Annotator ""]
[PlyCount "56"]
[EventDate "2016.??.??"]
[EventType "team-tourn"]
[EventCountry "AZE"]
[SourceTitle "playchess.com"]
[Source "ChessBase"]
[WhiteTeam "Tunisia"]
[BlackTeam "Uganda"]
[WhiteTeamCountry "TUN"]
[BlackTeamCountry "UGA"]
[TimeControl "40/5400+30:1800+30"]

1. e4 {(00:00)} c5 {(00:00)} 2. Nc3 {(00:00)} d6 {(
00:00)} 3. g3 {(00:27)} e6 {(00:23)} 4. Bg2 {(00:40)} a6 {
(00:29)} 5. a4 {(01:58)} Nc6 {(00:31)} 6. Nge2 {(
00:52)} Nf6 {(00:46)} 7. d3 {(01:17)} Be7 8. h3 Qc7 {(07:
30)} 9. Be3 {(02:45)} O-O {(03:44)} 10. O-O {(02:11)} Bd7
{(02:52)} 11. Qd2 {(04:54)} h6 {(06:35)} 12. f4 {(
07:56)} d5 {(06:45)} 13. exd5 {(11:30)} exd5 {(00:29)} 14.
Nxd5 {(02:03)} Nxd5 {(00:19)} 15. Bxd5 {(00:30)} Bxh3 {
(00:18)} 16. Rf2 {(00:56)} Bf5 {(03:47)} 17. Rh2 Rad8 {
(02:16)} 18. Bf3 {(12:30)} Nd4 {(01:30)} 19. Nxd4 {
(02:44)} cxd4 {(02:30)} 20. Bf2 {(00:21)} Rfe8 {(
03:03)} 21. Kg2 {(02:10)} Be6 {(03:19)} 22. Qe2 {(08:35)}
Bd5 {(03:57)} 23. Be4 {(07:20)} Bf8 {(05:18)} 24. Kg1 {
(05:42)} Kh8 {(05:05)} 25. Bxd4 {(11:18)} Bxe4 {(
03:49)} 26. Rxh6+ {(00:22)} Kg8 {(00:47)} 27. Rh2 {(10:28]
} Bg6 {(04:17)} 28. Qf2 {(01:28)} Rxd4 {(00:30)} 0-1

[Event "42nd Olympiad Baku 2016 Women"]
[Site "Baku"]
[Date "2016.09.06"]
[Round "5.3"]
[White "Berezovska Svetlana"]
[Black "Deng Jing Xin Crystal"]
[Result "1-0"]
[ECO "A06"]
[WhiteElo "1794"]
[BlackElo "1625"]
[Annotator ""]
[PlyCount "101"]
[EventDate "2016.??.??"]
[EventType "team-tourn"]
[EventCountry "AZE"]
[SourceTitle "playchess.com"]
[Source "ChessBase"]
[WhiteTeam "Monaco"]
[BlackTeam "Hong Kong"]
[WhiteTeamCountry "MNC"]
[BlackTeamCountry "HKG"]
[TimeControl "40/5400+30:1800+30"]

1. Nf3 {(00:00)} d5 {(00:00)} 2. g3 {(00:00)} Nf6 {
(00:00)} 3. Bg2 {(00:00)} e6 {(00:00)} 4. O-O {(00:
22)} Be7 {(00:04)} 5. c4 {(03:00)} Nc6 {(05:49)} 6. d4 {
(01:18)} O-O {(00:59)} 7. b3 {(01:17)} Bd7 {(03:38]
} 8. Bb2 {(02:40)} Rb8 {(04:26)} 9. Nbd2 {(05:30)} Nb4 {
(11:37)} 10. a3 {(03:04)} Na6 {(03:12)} 11. b4 {(
06:07)} c6 {(03:06)} 12. c5 {(08:08)} b6 {(03:33)} 13. Ne5
{(03:41)} bxc5 {(02:57)} 14. Nxd7 {(06:08)} Nxd7 {(
03:33)} 15. dxc5 {(03:08)} e5 {(03:46)} 16. Rb1 {(05:18)}
Bf6 {(03:47)} 17. Qa4 {(03:56)} Qc8 {(03:13)} 18. Bh3 {
(01:25)} Rd8 {(01:19)} 19. Qc2 {(02:32)} Qc7 {(03:
29)} 20. e4 {(10:46)} d4 {(07:34)} 21. Qa4 {(03:44)} Qb7 {
(04:01)} 22. Nc4 {(06:17)} Qb5 {(04:05)} 23. Qxb5 {
(03:24)} Rxb5 {(01:32)} 24. Rfd1 {(02:46)} Nf8 {(
04:38)} 25. Bf1 {(05:29)} Nxb4 {(10:22)} 26. axb4 {(00:47]
} Rxb4 {(00:13)} 27. Ra1 {(05:35)} Ra8 {(05:48)} 28. Ba3 {
(01:22)} Rb7 {(02:02)} 29. Nd6 {(00:45)} Rd7 {(00:
45)} 30. Bh3 {(00:36)} Rc7 {(01:02)} 31. Rab1 {(00:31)}
Be7 {(00:50)} 32. Nc4 {(01:09)} Bf6 {(00:16)} 33. Rb3 {
(00:30)} Ne6 {(00:35)} 34. Bxe6 {(00:30)} fxe6 {(
00:05)} 35. Rdb1 {(00:17)} Rd7 {(00:52)} 36. Rb8+ {(02:01]
} Rd8 {(01:03)} 37. Rxa8 {(00:28)} Rxa8 {(00:07)} 38. Rb7
{(00:28)} a5 {(00:51)} 39. Rc7 {(01:37)} d3 {(00:
23)} 40. Rd7 {(00:00)} Rd8 {(00:00)} 41. Rxd8+ {(01:24)}
Bxd8 {(00:34)} 42. Kf1 {(00:24)} a4 {(01:03)} 43. Nxe5 {
(00:38)} d2 {(01:23)} 44. Ke2 {(00:16)} Bf6 {(00:
40)} 45. Nxc6 {(00:29)} Bc3 {(00:08)} 46. Nd8 {(02:46)}
Kf8 {(00:46)} 47. c6+ {(01:30)} Ke8 {(00:03)} 48. Nxe6 {
(00:16)} Ba5 {(00:09)} 49. Nxg7+ {(01:08)} Kd8 {(
00:08)} 50. Ne6+ {(00:26)} Kc8 {(00:07)} 51. f4 {(00:44)}
1-0

[Event "42nd Olympiad Baku 2016 Women"]
[Site "Baku"]
[Date "2016.09.06"]
[Round "5.20"]
[White "Bernal Hurtado, Constanza"]
[Black "Wong, Linda Jane"]
[Result "1-0"]
[ECO "A46"]
[WhiteElo "1779"]
[BlackElo "1351"]
[Annotator ""]
[PlyCount "107"]
[EventDate "2016.??.??"]
[EventType "team-tourn"]
[EventCountry "AZE"]
[SourceTitle "playchess.com"]
[Source "ChessBase"]
[WhiteTeam "Chile"]
[BlackTeam "Taiwan"]
[WhiteTeamCountry "CHI"]
[BlackTeamCountry "TPE"]
[TimeControl "40/5400+30:1800+30"]

1. d4 {(00:00)} Nf6 {(00:00)} 2. Nf3 {(00:00)} e6 {
(00:00)} 3. Bf4 {(00:02)} d5 {(00:16)} 4. e3 {(00:
21)} c5 {(01:06)} 5. c3 {(00:58)} Bd6 {(00:59)} 6. Bg5 {
(01:55)} O-O {(03:38)} 7. Bd3 {(00:56)} cxd4 {(01:
34)} 8. exd4 {(04:21)} Nbd7 {(02:49)} 9. O-O {(01:52)} Qc7
{(01:06)} 10. Re1 {(04:25)} b6 {(02:13)} 11. Qe2 {(
03:18)} Bb7 {(00:40)} 12. Ne5 {(03:28)} Ne4 {(06:30)} 13.
Nxd7 {(06:19)} Qxd7 {(01:00)} 14. Qh5 {(05:15)} f5 {
(10:43)} 15. Bh4 {(27:23)} Qf7 {(03:45)} 16. Qxf7+ {
(00:29)} Rxf7 {(00:03)} 17. f3 {(00:24)} g5 {(03:
24)} 18. fxe4 {(02:11)} fxe4 {(12:55)} 19. Bxg5 {(07:17)}
exd3 {(06:16)} 20. Rxe6 {(04:08)} Raf8 {(05:32)} 21. Nd2 {
(03:04)} Bf4 {(07:48)} 22. Bxf4 {(00:02)} Rxf4 {(
00:08)} 23. Rf1 {(01:34)} Rxf1+ {(05:39)} 24. Nxf1 {(00:
02)} Kf7 {(04:43)} 25. Re3 {(00:36)} Ba6 {(07:09)} 26.
Rf3+ {(00:14)} Kg7 {(00:17)} 27. Rxf8 {(00:06)} Kxf8 {
(00:05)} 28. Kf2 {(00:19)} Kf7 {(00:48)} 29. Nd2 {(
01:12)} Kf6 {(02:35)} 30. Ke3 {(01:17)} Kf5 {(03:06)} 31.
Nf3 {(01:26)} Bb5 {(02:00)} 32. Ne5 {(01:25)} h5 {(
01:51)} 33. Nxd3 {(00:36)} Be8 {(02:51)} 34. Nb4 {(01:07)}
Ke6 {(01:23)} 35. Kf4 {(00:28)} a5 {(00:38)} 36. Nd3 {
(01:04)} Kf6 {(00:53)} 37. g4 {(01:17)} hxg4 {(00:
24)} 38. Kxg4 {(00:06)} Bd7+ {(00:43)} 39. Kf4 {(00:21)}
Be8 {(00:35)} 40. h4 {(00:00)} Bh5 {(00:00)} 41. b3 {
(01:08)} Bg6 {(13:47)} 42. Ne5 {(01:06)} Bb1 {(06:
36)} 43. a3 {(00:11)} b5 {(00:42)} 44. Nd7+ {(02:41)} Ke6
{(01:41)} 45. Nc5+ {(00:26)} Kf6 {(00:20)} 46. h5 {
(00:41)} Bc2 {(01:10)} 47. b4 {(00:37)} axb4 {(01:
12)} 48. cxb4 {(00:04)} Bd1 {(03:37)} 49. h6 {(00:18)} Kg6
{(01:37)} 50. Ke5 {(00:01)} Kxh6 {(01:54)} 51. Kxd5 {
(00:03)} Kg6 {(00:43)} 52. Kc6 {(00:07)} Be2 {(00:
35)} 53. d5 {(00:04)} Kf7 {(01:40)} 54. d6 {(00:02)} 1-0